 Dungeon Crawl Stone Soup version 0.24-a0-201-gf205589 (webtiles) character file.

Game seed: 1056899797589178342

543 Ijustatesigmund the Cudgeler (level 7, -4/45 HPs)
             Began as an Octopode Wizard on Mar 21, 2019.
             Killed from afar by an orc wizard (8 damage)
             ... with a magic dart
             ... on level 3 of the Dungeon.
             The game lasted 00:14:56 (7025 turns).

Ijustatesigmund the Cudgeler (Octopode Wizard)      Turns: 7025, Time: 00:14:57

Health: -4/45      AC:  1    Str:  7    XL:     7   Next: 27%
Magic:  5/11       EV: 17    Int: 20    God:
Gold:   110        SH:  0    Dex: 12    Spells: 6/12 levels left

rFire    . . .     SeeInvis .   c - +0 flail
rCold    . . .     Gourm    .   (no shield)
rNeg     . . .     Faith    .   a - +0 hat
rPois    +         Spirit   .   (no amulet)
rElec    .         Reflect  .   d - ring of poison resistance
rCorr    .         Harm     .   f - +3 ring of evasion
MR       .....                  (no ring)
Stlth    +++.......             (no ring)
HPRegen  0.15/turn              (no ring)
MPRegen  0.12/turn              (no ring)
                                (no ring)
                                (no ring)

@: very slightly contaminated
A: almost no armour, stealthy swim, amphibious, 8 rings, constrict 8, camouflage
1, gelatinous body 1
a: no special abilities


You were on level 3 of the Dungeon.
You were not hungry.

You visited 1 branch of the dungeon, and saw 4 of its levels.

You collected 110 gold pieces.

Inventory:

Hand Weapons
 c - a +0 flail (weapon)
 g - a +0 hunting sling
Armour
 a - a +0 hat (worn)
Jewellery
 d - a ring of poison resistance (left tentacle)
 f - a +3 ring of evasion (right tentacle)
Scrolls
 h - a scroll of teleportation
 l - a scroll of remove curse
 m - a scroll of identify
Potions
 b - a potion of might
 j - a potion of agility {unknown}
 k - a potion of degeneration {unknown}
Comestibles
 o - 2 rations


   Skills:
 + Level 2.5 Fighting
 - Level 5.3 Maces & Flails
 + Level 2.6 Dodging
 - Level 2.6 Stealth
 - Level 3.0 Spellcasting
 - Level 2.5 Conjurations
   Level 1.0 Summonings
 - Level 2.2 Translocations
 - Level 1.0 Fire Magic


You had 6 spell levels left.
You knew the following spells:

 Your Spells              Type           Power        Failure   Level  Hunger
a - Magic Dart            Conj           ##..         4%          1    None
b - Blink                 Tloc           N/A          9%          2    ##.....
c - Conjure Flame         Conj/Fire      ##......     21%         3    ###....

Your spell library contained the following spells:

 Spells                   Type           Power        Failure   Level  Hunger
 Call Imp                 Summ           #.......     14%         2    ##.....
 Slow                     Hex            #.......     22%         2    ##.....
 Mephitic Cloud           Conj/Pois/Air  #.......     30%         3    ###....


Dungeon Overview and Level Annotations

Branches:
Dungeon (4/15)             Temple (0/1) D:4

Altars:
Yredelemnul


Innate Abilities, Weirdness & Mutations

You cannot wear most types of armour.
You are very stealthy in the water. (Stealth+)
You are amphibious.
You can wear up to eight rings at the same time.
You can use your tentacles to constrict eight enemies at once.
Your skin changes colour to match your surroundings (Stealth+).
Your rubbery body absorbs attacks. (AC +1, EV +1)


Message History

You hit the orc wizard but do no damage.
Your grab misses the orc wizard.
The orc wizard is severely wounded.
The orc wizard barely misses you. The orc wizard misses you.
You hit the orc wizard but do no damage.
Your grab misses the orc wizard.
The orc wizard is severely wounded.
The orc wizard barely misses you. The orc wizard completely misses you.
You hit the orc wizard. Your grab misses the orc wizard.
The orc wizard is almost dead.
The orc wizard hits you with a +0 dagger.
* * * LOW HITPOINT WARNING * * *
You barely miss the orc wizard. You grab the orc wizard.
The orc wizard is almost dead.
You constrict the orc wizard.
The orc wizard hits you with a +0 dagger.
* * * LOW HITPOINT WARNING * * *
The orc wizard points at you and mumbles some strange words.
The magic dart hits you!
You die...

#.......#######.##.........
#########.....#.##.#.......
#.###.#.##.#.#'###. #.#
#.#.##.#.#.....
#.###.#.##.#.....#.
#..................
#.>.....o........#.
#.o##.#............
#.@##?##.....####.)
#..##.....#........
#..#########...###)
#..............#().
#.###########..#.#.
###'#..<.........#.#.
#.......########.#.#.
#.......'..........#(
#.......#...###......


You could see an orc wizard.

Vanquished Creatures
  Grinder (D:3)
  An ogre (D:2)
  3 orc priests
  Crazy Yiuf (D:2)
  A hound skeleton (D:3)
  4 adders
  2 worms (D:2)
  3 dart slugs
  2 leopard geckos
  12 orcs
  12 bats
  5 giant cockroaches
  4 goblins
  4 hobgoblins
  8 jackals (D:3)
  5 kobolds
  A quokka (D:2)
  A ball python (D:3)
  5 frilled lizards
  5 rats
80 creatures vanquished.

Notes
Turn   | Place    | Note
-------+----------+-------------------------------------------
     0 | D:1      | Ijustatesigmund the Octopode Wizard began the quest for the
                  | Orb.
     0 | D:1      | Reached XP level 1. HP: 11/11 MP: 4/4
   682 | D:1      | Reached skill level 1 in Fighting
   682 | D:1      | Reached XP level 2. HP: 15/18 MP: 1/6
   686 | D:1      | Learned a level 2 spell: Blink
  1800 | D:1      | Reached XP level 3. HP: 23/23 MP: 5/7
  1805 | D:1      | Learned a level 3 spell: Conjure Flame
  2686 | D:2      | Reached XP level 4. HP: 29/29 MP: 2/8
  3096 | D:2      | Noticed an ogre
  3759 | D:3      | Reached skill level 1 in Fire Magic
  4522 | D:2      | Found a runed translucent door.
  4523 | D:2      | Noticed Crazy Yiuf
  4617 | D:2      | Killed an ogre
  4617 | D:2      | Reached skill level 2 in Maces & Flails
  4617 | D:2      | Reached XP level 5. HP: 10/34 MP: 3/9
  5346 | D:2      | Killed Crazy Yiuf
  5346 | D:2      | Reached skill level 3 in Maces & Flails
  5557 | D:3      | Reached XP level 6. HP: 33/39 MP: 0/10
  5693 | D:3      | Noticed Grinder
  5700 | D:3      | Paralysed by Grinder for 2 turns
  5713 | D:3      | Paralysed by Grinder for 7 turns
  5730 | D:3      | Paralysed by Grinder for 7 turns
  5751 | D:3      | Killed Grinder
  5751 | D:3      | Reached skill level 5 in Maces & Flails
  5751 | D:3      | Reached XP level 7. HP: 17/44 MP: 8/11
  6522 | D:3      | Found a basalt altar of Yredelemnul.
  6899 | D:4      | Identified the +0 robe of the Little Devil {Str+5 Dex+2}
  6919 | D:4      | Found a staircase to the Ecumenical Temple.
  7025 | D:3      | Killed from afar by an orc wizard

Levels and vault maps discovered:
D:1:      dpeg_arrival_orchard, layout_loops_ring, minmay_3d_cube
D:2:      layout_basic, uniq_crazy_yiuf_cottage
D:3:      layout_basic, marbit_many_paths, first_ration, uniq_grinder
D:4:      layout_basic, nicolae_ru_the_path_less_chosen,
          overflow_temple_1_default, minmay_temple_entry_stoned_glass,
          minmay_misc_feat_rugged

Skill      XL: |  1  2  3  4  5  6  7 |
---------------+----------------------+-----
Fighting       | 1 2 |  2.5
Conjurations   | 2 |  2.5
Translocations | 2 |  2.2
Fire Magic     | 1 |  1.0
Maces & Flails | 2 3 5 |  5.3
Dodging        | |  2.6
Stealth        | |  2.6
Spellcasting   | |  3.0
Summonings     | |  1.0

Action                   |  1- 3 |  4- 6 |  7- 9 || total
-------------------------+-------+-------+-------++-------
Melee: Unarmed           |    13 |       |       ||    13
       Constrict         |     6 |     9 |     9 ||    24
       Tentacles         |     3 |     6 |     6 ||    15
       Short sword       |     7 |    18 |       ||    25
       Flail             |       |    45 |    33 ||    78
 Cast: Magic Dart        |    69 |    77 |    45 ||   191
       Blink             |       |     1 |     1 ||     2
  Use: Scroll            |     3 |     2 |     2 ||     7
       Potion            |       |     4 |     2 ||     6
  Eat: Chunk             |     2 |     9 |     4 ||    15
       Ration            |     1 |       |       ||     1
Armor: Skin              |     5 |    21 |     2 ||    28
Dodge: Dodged            |    19 |    37 |    31 ||    87

Table legend:
 A = Non-vault XP
 B = Vault XP
 C = Vault XP percentage of total XP
 D = Non-vault monster count
 E = Vault monster count
 F = Vault count percentage of total count
                 A         B        C        D         E       F
            +---------+---------+-------+---------+---------+-------
      Total |     454 |     323 |  41.6 |      74 |       6 |   7.5
            +---------+---------+-------+---------+---------+-------
        D:1 |      33 |       6 |  15.4 |      19 |       3 |  13.6
        D:2 |     181 |      39 |  17.7 |      16 |       1 |   5.9
        D:3 |     174 |     278 |  61.5 |      33 |       2 |   5.7
        D:4 |      66 |       0 |   0.0 |       6 |       0 |   0.0
            +---------+---------+-------+---------+---------+-------
